 Dungeon Crawl Stone Soup version 0.19-a0-1922-g1e9a4c1 (webtiles) character file.

5959 varam the Grappler (level 10, -5/88 HPs)
             Began as a Troll Monk on Oct 24, 2016.
             Was a High Priest of Okawaru.
             Slain by a killer bee (6 damage)
             ... on level 9 of the Dungeon.
             The game lasted 00:21:37 (7424 turns).

varam the Grappler (Troll Monk)                     Turns: 7424, Time: 00:21:38

Health: -5/88      AC:  8    Str: 21    XL:     10   Next: 54%
Magic:  11/13      EV: 18    Int:  6    God:    Okawaru [*****.]
Gold:   550        SH:  0    Dex: 15    Spells: 0 memorised, 9 levels left

rFire  . . .     SeeInvis .       - Unarmed
rCold  . . .     Gourm    +     j - +0 robe (curse)
rNeg   . . .     Faith    .     (no shield)
rPois  +         Spirit   .     R - +1 hat
rElec  .         Reflect  .     H - +1 cloak {+Inv}
rCorr  .         Harm     .     (gloves unavailable)
MR     .....                    (boots unavailable)
Stlth  ++++......               (no amulet)
                                P - ring of stealth
                                D - ring of poison resistance

@: lethally poisoned (-5 -> -6), heroism
A: unfitting armour, claws 3, fast metabolism 3, gourmand, regeneration 1,
shaggy fur 1, tough skin 2
a: Heroism, Finesse, Renounce Religion, Evoke Invisibility


You were on level 9 of the Dungeon.
You worshipped Okawaru.
Okawaru was extremely pleased with you.
You were completely stuffed.

You visited 1 branch of the dungeon, and saw 10 of its levels.

You collected 550 gold pieces.

Inventory:

Hand Weapons
 C - a +0 blowgun
Missiles
 t - 245 stones
 v - 2 tomahawks of dispersal
 y - 42 poisoned needles
 Q - 5 large rocks (quivered)
 X - 5 silver tomahawks
Armour
 j - a cursed +0 robe (worn)
 H - a +1 cloak of invisibility (worn)
 R - a +1 hat (worn)
Jewellery
 p - an uncursed ring of see invisible
 D - a ring of poison resistance (left claw)
 F - an uncursed ring of protection from fire
 O - a +2 ring of dexterity
 P - a ring of stealth (right claw)
 W - an uncursed ring of wizardry
Wands
 a - a wand of paralysis (14/24)
 n - a wand of random effects (27/48)
 E - a wand of random effects (30/48)
 M - a wand of acid (1/15)
 T - a wand of iceblast (7/15)
 U - a wand of iceblast (2/15)
Scrolls
 c - 8 scrolls of identify {unknown}
 f - 2 scrolls of teleportation {unknown}
 h - a scroll of remove curse {unknown}
 i - 2 scrolls of enchant weapon {unknown}
 k - 3 scrolls of fear {unknown}
 m - 2 scrolls of amnesia {unknown}
 r - a scroll of blinking {unknown}
 u - a scroll of vulnerability {unknown}
 A - a scroll of immolation {unknown}
 L - a scroll of random uselessness {unknown}
 S - a scroll of fog {unknown}
Potions
 d - a potion of heal wounds {unknown}
 e - 5 potions of curing {@q1}
 g - 2 potions of haste {unknown}
 l - 3 potions of degeneration {unknown}
 o - a potion of mutation {unknown}
 s - 4 potions of flight {unknown}
 w - 2 potions of cancellation {unknown}
 x - a potion of brilliance {unknown}
 z - a potion of might {unknown}
 B - 3 potions of ambrosia {unknown}
 G - a potion of invisibility {unknown}
 J - 2 potions of lignification {unknown}
Comestibles
 b - 7 bread rations
 q - 4 beef jerkies
 I - 2 meat rations
 K - 6 chunks of flesh
 N - a slice of pizza
 V - a royal jelly


   Skills:
 + Level 2.4(7.4) Fighting
 - Level 3.3(8.3) Throwing
 - Level 8.2(13.2) Dodging
 - Level 1.0(6.0) Stealth
 + Level 10.8(15.8) Unarmed Combat
 - Level 6.0 Invocations


You had 9 spell levels left.
You didn't know any spells.

Dungeon Overview and Level Annotations

Branches:
Dungeon (10/15)            Temple (0/1) D:4            Lair (0/6) D:8
    Orc: D:9-12

Altars:
Ashenzari
Cheibriados
Elyvilon
Gozag
Okawaru
Qazlal
Ru
Sif Muna
Trog
Vehumet
Xom
Zin
The Shining One


Innate Abilities, Weirdness & Mutations

You are too large for most types of armour.
You have claws for hands.
Your metabolism is lightning-fast.
You like to eat raw meat.
Your natural rate of healing is unusually fast.
You are covered in fur. (AC +1)
You have very tough skin. (AC +2)


Message History

The killer bee completely misses you. The killer bee stings you.
* * * LOW HITPOINT WARNING * * *
The killer bee closely misses you.
You miss the killer bee. The killer bee barely misses you.
The killer bee misses you. The killer bee closely misses you.
The killer bee misses you.
You claw the killer bee!
The killer bee is heavily wounded.
The killer bee misses you. The killer bee stings you!
* * * LOW HITPOINT WARNING * * *
The killer bee misses you. The killer bee stings you!
* * * LOW HITPOINT WARNING * * *
You are more poisoned.
The killer bee poisons you! The killer bee stings you.
* * * LOW HITPOINT WARNING * * *
You barely miss the killer bee.
The killer bee is heavily wounded.
* * * LOW HITPOINT WARNING * * *
You feel sick. The killer bee stings you.
You die...

#######
#.....##############
###.#...............
#.#.......###.#...
#.#.......###.....
#y#...............
#####@................
#.....y.....#.###.#...
#####.................
#.....#.....###.####
#.....#.##### #.# #
#.....+...# #.# #
#####.....#########.# #
#...#.....# #.......#
#...####'####'##########


You could see 2 killer bees.

Vanquished Creatures
  Joseph (D:8)
  Psyche (D:8)
  Grinder (D:5)
  2 hippogriffs
  Sigmund (D:2)
  Grum (D:8)
  Duvessa (D:4)
  6 porcupines
  A sky beast (D:6)
  6 phantoms
  2 orc warriors
  3 ice beasts
  A black bear (D:7)
  3 ogres
  3 wolves (D:8)
  A centaur (D:8)
  5 crocodiles
  5 bullfrogs
  Dowan (D:4)
  A scorpion (D:8)
  2 howler monkeys (D:4)
  2 crimson imps
  A bullfrog zombie (D:7)
  A jelly (D:5)
  2 orc priests
  2 hounds
  11 iguanas
  Crazy Yiuf (D:2)
  Jessica (D:2)
  A worker ant (D:4)
  8 orc wizards
  2 hound zombies
  A howler monkey skeleton (D:8)
  A howler monkey zombie (D:5)
  2 worker ant zombies (D:7)
  8 adders
  4 river rats (D:8)
  2 shadow imps
  An ooze (D:1)
  An adder zombie (D:5)
  An adder skeleton (D:4)
  9 worms
  2 dart slugs
  2 leopard geckos
  17 orcs
  A ball python (D:5)
  3 giant cockroaches
  11 goblins
  8 hobgoblins
  6 jackals
  8 kobolds
  6 quokkas
  9 bats
  8 frilled lizards
  A jackal skeleton (D:4)
  A leopard gecko skeleton (D:5)
  9 rats
  A butterfly (D:3)
203 creatures vanquished.

Vanquished Creatures (others)
  A quokka (D:10)
  A bush (D:8)
  3 plants (D:8)
5 creatures vanquished.

Grand Total: 208 creatures vanquished

Notes
Turn   | Place    | Note
-------+----------+-------------------------------------------
     0 | D:1      | varam the Troll Monk began the quest for the Orb.
     0 | D:1      | Reached XP level 1. HP: 22/22 MP: 0/0
   103 | D:1      | Reached XP level 2. HP: 28/29 MP: 1/1
   222 | D:1      | Reached skill level 4 in Unarmed Combat
   279 | D:1      | Reached XP level 3. HP: 36/36 MP: 2/2
   547 | D:2      | Found an iron altar of Okawaru.
   566 | D:2      | Became a worshipper of Warmaster Okawaru
   566 | D:2      | Reached * piety under Okawaru
   566 | D:2      | Reached ** piety under Okawaru
   685 | D:2      | Noticed Sigmund
   697 | D:2      | Killed Sigmund
   697 | D:2      | Reached *** piety under Okawaru
   697 | D:2      | Reached skill level 6 in Unarmed Combat
   697 | D:2      | Reached XP level 4. HP: 8/44 MP: 0/3
   697 | D:2      | Reached XP level 5. HP: 9/50 MP: 0/4
  1161 | D:2      | Found a snail-covered altar of Cheibriados.
  1402 | D:2      | Found a runed door.
  1447 | D:2      | Noticed Crazy Yiuf
  1452 | D:2      | Killed Crazy Yiuf
  1598 | D:2      | Reached XP level 6. HP: 59/59 MP: 5/5
  1609 | D:2      | Noticed Jessica
  1612 | D:2      | Killed Jessica
  1746 | D:2      | Reached skill level 7 in Unarmed Combat
  2050 | D:3      | Found a shimmering altar of Xom.
  2280 | D:3      | Found a glowing silver altar of Zin.
  2414 | D:4      | Found a staircase to the Ecumenical Temple.
  2449 | D:4      | Received a gift from Okawaru
  2449 | D:4      | Reached skill level 1 in Throwing
  2470 | D:4      | Reached XP level 7. HP: 66/66 MP: 6/6
  2481 | D:4      | Noticed Duvessa
  2485 | D:4      | Noticed Dowan
  2488 | D:4      | Killed Duvessa
  2516 | D:4      | Killed Dowan
  2589 | D:4      | Reached skill level 8 in Unarmed Combat
  3020 | D:5      | Entered Level 5 of the Dungeon
  3020 | D:5      | Noticed Grinder
  3222 | D:7      | Reached **** piety under Okawaru
  3222 | D:7      | Reached XP level 8. HP: 62/74 MP: 7/7
  3243 | D:6      | Received a gift from Okawaru
  3416 | D:6      | Reached skill level 5 in Dodging
  3620 | D:6      | Found a shattered altar of Ashenzari.
  4210 | D:5      | Noticed a moth of wrath
  4221 | D:5      | Found a bloodstained altar of Trog.
  4363 | D:5      | Killed Grinder
  4363 | D:5      | Reached XP level 9. HP: 75/80 MP: 5/8
  5000 | D:7      | Found a deep blue altar of Sif Muna.
  5074 | D:7      | Reached skill level 1 in Invocations
  5125 | D:7      | Reached skill level 9 in Unarmed Combat
  5191 | D:7      | Found a stormy altar of Qazlal.
  5369 | D:7      | Found a white marble altar of Elyvilon.
  5429 | D:7      | Found a sacrificial altar of Ru.
  5496 | D:7      | Found an opulent altar of Gozag.
  5738 | D:8      | Noticed Psyche
  5961 | D:8      | Killed Psyche
  6014 | D:8      | Noticed Joseph
  6028 | D:8      | Killed Joseph
  6028 | D:8      | Reached ***** piety under Okawaru
  6259 | D:8      | Noticed Grum
  6291 | D:8      | Killed Grum
  6363 | D:8      | Found a staircase to the Lair.
  6393 | D:7      | Reached XP level 10. HP: 27/88 MP: 9/12
  6399 | D:7      | Reached skill level 10 in Unarmed Combat
  6613 | D:8      | Found a radiant altar of Vehumet.
  6699 | D:8      | Received a gift from Okawaru
  6753 | D:8      | Reached skill level 5 in Invocations
  7064 | D:9      | Found a glowing golden altar of the Shining One.
  7409 | D:10     | Entered Level 10 of the Dungeon
  7423 | D:9      | HP: 2/88 [killer bee (4)]
  7424 | D:9      | Slain by a killer bee

Vault maps used:
D:1:      sevenhm_arrival_forest_fort_small_6, minmay_surrounded
D:2:      cheibriados_altar_1, lemuel_round_altar, item_on_display_a,
          uniq_crazy_yiuf_cottage, uniq_sigmund, uniq_jessica
D:3:      xom_butterflies, nicolae_overflow_hidden_temple,
          mrwooster_statue_mirror
D:4:      first_bread, uniq_duvessa
D:5:      tgw_trog, uniq_grinder
D:6:      overflow_temple_1_default
D:7:      old_standard_altar, lemuel_coloured_pillars_altar,
          nicolae_qazlal_style_of_elements, lemuel_crystal_altar,
          elyvilon_altar_4
D:8:      vehumet_crystals, minmay_lair_entry_grove, uniq_joseph, uniq_grum,
          uniq_psyche
D:9:      kennysheep_little_box
D:10:     david_nohive_1, grunt_ministairs_14, uniq_sonja, uniq_erica

Skill      XL: |  1  2  3  4  5  6  7  8  9 10 |
---------------+-------------------------------+-----
Unarmed Combat | 4 6 7 8 9 10 | 10.8
Throwing       | 1 3 |  3.3
Dodging        | 4 6 7 8 |  8.2
Invocations    | 4 6 |  6.0
Fighting       | |  2.4
Stealth        | |  1.0

Action                   |  1- 3 |  4- 6 |  7- 9 | 10-12 || total
-------------------------+-------+-------+-------+-------++-------
Melee: Unarmed           |    91 |   105 |   276 |   154 ||   626
       Punch             |       |       |    18 |    11 ||    29
Throw: Stone             |       |       |     4 |       ||     4
       Large rock        |       |       |    11 |     5 ||    16
       Tomahawk          |       |       |       |     1 ||     1
Invok: Heroism           |     1 |     1 |     3 |     1 ||     6
 Stab: Sleeping          |       |     5 |     1 |       ||     6
  Eat: Chunk             |    12 |    13 |    39 |     9 ||    73
Armor: Robe              |    27 |    27 |    70 |    29 ||   153
Dodge: Dodged            |    45 |    42 |   133 |   114 ||   334
